 Dungeon Crawl Stone Soup version 0.20-a0-830-g2c9a30d (webtiles) character file.

414310 4thArraOfDagon the Stickfighter (level 22, -5/178 HPs)
             Began as a Mummy Enchanter on Mar 6, 2017.
             Was a High Priest of Okawaru.
             Killed from afar by Jory (28 damage)
             ... with a crystal spear
             ... on level 2 of the Vaults.
             The game lasted 02:45:24 (29578 turns).

4thArraOfDagon the Stickfighter (Mummy Enchanter)  Turns: 29578, Time: 02:45:24

Health: -5/178     AC: 49    Str: 20    XL:     22   Next: 52%
Magic:  38/40      EV: 10    Int: 21    God:    Okawaru [*****.]
Gold:   2623       SH:  0    Dex: 14    Spells: 17/31 levels left

rFire    + + .     SeeInvis .   e - +10 great mace of Okawaru {crush, +Fly rPois MR+}
rCold    + + .     Gourm    .   Q - +14 crystal plate armour of Immorality {Dex+2}
rNeg     + + +     Faith    .   (shield currently unavailable)
rPois    ∞         Spirit   .   A - +2 hat {MR+}
rElec    +         Reflect  .   S - scarf {rC+ rF+}
rCorr    +         Harm     .   q - +1 pair of gloves {Str+3}
MR       +++++                  u - +2 pair of boots of Fun and Games {rCorr}
Stlth    ..........             v - amulet of regeneration
Regen    0.8/turn               r - ring of Igiviph {rElec rF+ rN++ Str+2}
MPRegen  0.3/turn               n - ring of Sofisikk {rF+ MR+ MP+9}

@: heroism, finesse, studying Invocations
A: no food or potions, fire vulnerability, cold resistance 1, negative energy
resistance 3, torment resistance, unbreathing, in touch with death 1
}: 2/15 runes: serpentine, barnacled
a: Heroism, Finesse, Renounce Religion, Evoke Flight


You were on level 2 of the Vaults.
You worshipped Okawaru.
Okawaru was extremely pleased with you.
You were not hungry.

You visited 9 branches of the dungeon, and saw 42 of its levels.
You visited the Abyss 3 times.
You visited 1 bazaar.
You also visited: Ossuary and Ice Cave.

You collected 4095 gold pieces.
You spent 1472 gold pieces at shops.

Inventory:

Hand Weapons
 e - the +10 great mace of Okawaru (weapon) {crush, +Fly rPois MR+}
   (Okawaru gifted it to you on level 1 of the Depths)

   It inflicts extra damage upon your enemies.
   It protects you from poison.
   It affects your resistance to hostile enchantments.
   It lets you fly.
Missiles
 D - 6 curare-tipped needles
Armour
 f - the cursed +0 cloak "Biomif Dayt" {Int+7}
   (You bought it in a shop on level 4 of the Depths)

   It affects your intelligence (+7).
   It has a curse placed upon it.
 q - a +1 pair of gloves of strength (worn)
 u - the +2 pair of boots of Fun and Games (worn) {rCorr}
   (You bought it in a shop on level 1 of the Elven Halls)

   It protects you from acid and corrosion.
 A - a +2 hat of magic resistance (worn)
 N - a +2 pair of boots of flying
 Q - the +14 crystal plate armour of Immorality (worn) {Dex+2}
   (Okawaru gifted it to you on level 14 of the Dungeon)

   It affects your dexterity (+2).
 S - a scarf of resistance (worn)
Magical Staves
 h - an uncursed staff of wizardry {!a}
 z - an uncursed staff of death
Jewellery
 a - an uncursed ring of wizardry
 b - the ring of Heidam {rN+ MR+ Str+3 Int+7}
   (You found it on level 4 of the Depths)

   [ring of positive energy]

   It affects your strength (+3).
   It affects your intelligence (+7).
   It protects you from negative energy.
   It affects your resistance to hostile enchantments.
 i - an uncursed ring of protection from fire
 k - an uncursed ring of see invisible
 n - the ring of Sofisikk (left hand) {rF+ MR+ MP+9}
   (You took it off a deep elf master archer on level 3 of the Elven Halls)

   [ring of magical power]

   It protects you from fire.
   It affects your resistance to hostile enchantments.
   It affects your magic capacity (+9).
 r - the ring of Igiviph (right hand) {rElec rF+ rN++ Str+2}
   (You found it on level 6 of the Dungeon)

   [ring of protection from fire]

   It affects your strength (+2).
   It protects you from fire.
   It insulates you from electricity.
   It greatly protects you from negative energy.
 v - an amulet of regeneration (around neck)
 V - the amulet of the Air {Inacc +Fly rElec EV+5 RMsl}
   (You found it on level 3 of the Elven Halls)

   [amulet of inaccuracy]

   It reduces the accuracy of all your attacks.
   It affects your evasion (+5).
   It insulates you from electricity.
   It lets you fly.
   It protects you from missiles.
Wands
 m - a wand of iceblast (10/15)
 o - a wand of paralysis (10/24)
 s - a wand of polymorph (18/24)
 y - a wand of digging (11/24)
 G - a wand of iceblast (5/15)
 H - a wand of enslavement (17/24)
 P - a wand of digging (10/24)
 R - a wand of polymorph (9/24)
 Y - a wand of acid (11/15)
Scrolls
 c - 2 scrolls of magic mapping
 d - 12 scrolls of remove curse
 j - 3 scrolls of fog
 l - 2 scrolls of enchant armour
 t - 9 scrolls of enchant weapon
 w - 7 scrolls of amnesia
 x - 5 scrolls of fear
 B - 6 scrolls of teleportation
 F - 5 scrolls of identify
 J - 4 scrolls of holy word
 K - 3 scrolls of torment
 L - a scroll of immolation
 U - 10 scrolls of recharging
 W - a scroll of silence
 X - 2 scrolls of summoning
 Z - 4 scrolls of vulnerability
Books
 O - a manual of Invocations
Miscellaneous
 g - a lightning rod (inert)
 C - a fan of gales
 E - 4 boxes of beasts
 I - a sack of spiders
 M - a lamp of fire (inert)
 T - a phial of floods


   Skills:
 - Level 16.0(21.0) Fighting
   Level 0.7(6.5) Short Blades
   Level 2.2(7.3) Long Blades
 * Level 11.8(21.6) Maces & Flails
   Level 0.0(17.9) Polearms
 - Level 19.1(25.0) Staves
 - Level 15.1(20.1) Armour
 - Level 7.0(12.0) Dodging
 - Level 2.4(7.4) Stealth
 + Level 5.0 Spellcasting
 - Level 2.6 Hexes
 * Level 4.0 Translocations
 - Level 0.1 Ice Magic
 - Level 10.2 Invocations
 - Level 12.3 Evocations


You had 17 spell levels left.
You knew the following spells:

 Your Spells              Type           Power        Failure   Level  Hunger
a - Corona                Hex            ###....      92%         1    N/A
b - Ensorcelled Hibernat  Hex/Ice        ##....       99%         2    N/A
c - Mephitic Cloud        Conj/Pois/Air  #.......     100%        3    N/A
d - Blink                 Tloc           N/A          86%         2    N/A
e - Apportation           Tloc           ###...       65%         1    N/A
f - Spectral Weapon       Hex/Chrm       ##......     100%        3    N/A
g - Swiftness             Chrm/Air       #.......     100%        2    N/A

Dungeon Overview and Level Annotations

Branches:
Dungeon (15/15)            Temple (1/1) D:6            Lair (6/6) D:10
 Shoals (4/4) Lair:3        Snake (4/4) Lair:4        Slime (0/5) Lair:5
    Orc (2/2) D:9             Elf (3/3) Orc:2        Vaults (2/5) D:14
 Depths (5/5) D:15            Zot (0/5) Depths:5
  Crypt: Vaults:2-3

Altars:
Ashenzari
Cheibriados
Dithmenos
Elyvilon
Fedhas
Gozag
Hepliaklqana
Kikubaaqudgha
Makhleb
Nemelex Xobeh
Okawaru
Qazlal
Ru
Sif Muna
Trog
Uskayaw
Vehumet
Wu Jian
Xom
Yredelemnul
Zin
The Shining One
Beogh

Shops:
Orc:1 ?%   Orc:2 :[*(   Elf:1 *   Snake:1 =   Depths:3 :   Depths:4 *

Portals:
Hell: Depths:1 Depths:4 Depths:5
Abyss: Depths:3 Depths:4
Pandemonium: Depths:1
Ziggurat: Depths:2

Annotations:
D:3 Grinder
D:4 exclusion: ogre
D:5 wvc's ghost, amateur BaFi
D:6 derval's ghost, novice MfSk
Shoals:4 Polyphemus
Vaults:2 Jory


Innate Abilities, Weirdness & Mutations

You do not eat or drink.
Your flesh is vulnerable to fire.
You are immune to poison.
Your flesh is cold resistant. (rC+)
You are immune to negative energy. (rN+++)
You are immune to unholy pain and torment.
You can survive without breathing.
You are in touch with the powers of death.


Message History

Unknown command.
You closely miss Jory.
Jory is almost destroyed.
Jory gestures at you while chanting. The crystal spear hits you!
* * * LOW HITPOINT WARNING * * *
Unknown command.
Unknown command.
Unknown command.
Unknown command.
You hit Jory.
Jory is almost destroyed.
The yaktaur completely misses you.
Unknown command.
Unknown command.
You sock Jory!
Jory is almost destroyed.
Jory casts a spell at you. The crystal spear hits you!
You die...

#####()..#
*,,,,,,,,,,,,**,,,,, ..#
#)...# *,*****,,,,,,**,,,,*
..# #....#
*,,,,,,,,,,,,**,,,,* ..#
#....# *******,,,,,,**,,,,*
<.# #....# *,,,,,,**,,,,* ..#
#....# *,,,,,,**,,,,* ..#
#....############+#+###*,,,,*
..#
#............c.........,,,,,*
..#
#..........O@p.........,,,,,*
###
#......(...pVp.....?...,,,,,*
#.......(.c))..........,,,,,*
#......................,,,,,*
#......................,,,,,*
#......................,,,,,*
#...........(.......o..,,,,,*
#....################..,,,,,*
#....******** *******..,,,,,+


You could see Jory, 2 ironheart preservers, a two-headed ogre, an ironbrand
convoker and 2 yaktaurs.

Vanquished Creatures
  A juggernaut (Depths:4)
  2 ancient liches (Depths:2)
  Sojobo (Depths:1)
  Xtahua (Vaults:2)
  7 golden dragons
  A profane servitor (Abyss:2)
  A bone dragon (Depths:5)
  Jorgrun (Snake:2)
  The ghost of Vojta the Ninja, a veteran SpEn of Dithmenos (Depths:4)
  A tentacled monstrosity (Depths:2)
  Asterion (Depths:2)
  A lich (Depths:2)
  A deep elf blademaster (Elf:3)
  A titan (Shoals:3)
  A deep elf master archer (Elf:3)
  2 tentacled starspawn (Abyss:3)
  4 tengu reavers
  3 shadow dragons (Depths:5)
  Agnes (Snake:4)
  2 sphinxes (Depths:4)
  Kirke (D:14)
  A storm dragon (Depths:3)
  8 nagarajas
  4 fire giants
  An iron dragon (Depths:4)
  8 frost giants
  Ilsuiw (Shoals:4)
  9 deep elf sorcerers (Elf:3)
  3 vault wardens
  A draconian scorcher (Depths:5)
  An orc warlord (Orc:2)
  Aizul (Depths:1)
  5 deep elf elementalists (Elf:3)
  A draconian stormcaller (Depths:5)
  11 very ugly things
  An ironheart preserver (Vaults:1)
  12 stone giants
  2 reapers
  3 vampire knights
  5 deep elf demonologists (Elf:3)
  A green draconian (Depths:5)
  2 black draconians (Depths:5)
  A white draconian (Depths:5)
  3 purple draconians (Depths:5)
  3 deep elf annihilators (Elf:3)
  9 spark wasps
  6 ettins
  4 merfolk javelineers
  10 merfolk impalers
  3 jiangshi (Depths:3)
  5 fire dragons
  7 yaktaur captains
  4 great orbs of eyes
  6 deep elf high priests
  9 deep elf death magi
  Fannar (Orc:2)
  5 ice dragons
  11 naga warriors
  3 merfolk avatars
  6 rakshasas
  12 anacondas
  9 vault guards
  A death knight (D:15)
  8 hydras
  8 ogre magi
  2 spriggan air magi
  A satyr (Shoals:4)
  20 two-headed ogres
  4 catoblepae
  3 merfolk aquamancers
  3 alligator snapping turtles
  3 tengu warriors
  Erica (D:10)
  9 centaur warriors
  2 hell hogs (Depths:1)
  6 deep troll earth magi
  8 death yaks
  8 naga sharpshooters
  4 orc high priests
  3 vampire magi
  7 deep troll shamans
  2 thrashing horrors (Abyss:2)
  16 dancing weapons
  6 spriggan berserkers
  8 shock serpents
  6 skeletal warriors
  13 deep elf knights
  A hell knight (Depths:5)
  3 salamander mystics
  3 iron trolls
  A wretched star (Abyss:3)
  18 deep trolls
  2 flayed ghosts
  11 unseen horrors
  A storm dragon skeleton (Abyss:2)
  A glowing orange brain (Depths:3)
  10 sea snakes
  5 wizards
  6 orc knights
  6 naga ritualists
  3 phantasmal warriors
  11 deep elf archers
  5 ironbrand convokers (Vaults:1)
  A sphinx zombie (Vaults:1)
  12 harpies
  An oklob plant (Lair:5)
  A necromancer (Vaults:1)
  10 mana vipers
  2 orc sorcerers (Orc:2)
  33 ugly things
  A faun (Shoals:2)
  42 deep elf magi
  9 manticores
  14 large abominations
  14 salamanders
  8 cyclopes
  30 black mambas
  2 worldbinders
  A stone giant skeleton (Vaults:1)
  2 guardian serpents
  9 merfolk sirens
  A rust devil (Depths:5)
  8 water nymphs
  A smoke demon (Abyss:2)
  2 ice statues (IceCv)
  A vault sentinel (Vaults:1)
  6 spiny frogs
  A gargoyle (D:13)
  14 naga magi
  A rime drake (shapeshifter) (Depths:3)
  4 rime drakes
  A yaktaur zombie (Vaults:1)
  29 yaktaurs
  2 komodo dragons
  An efreet (D:14)
  5 starcursed masses (Abyss:3)
  2 freezing wraiths (D:15)
  2 ice devils (Abyss:2)
  2 ancient zymes
  3 tengu conjurers
  A troll (Elf:1)
  A wolf spider simulacrum (Vaults:1)
  5 hornets
  32 merfolk
  2 raiju (Abyss:3)
  7 wind drakes
  13 slime creatures
  A dream sheep (shapeshifter) (Depths:5)
  2 dream sheep (Shoals:3)
  9 hippogriffs
  4 snapping turtles
  23 blink frogs
  A meliai zombie (D:15)
  A vampire (D:15)
  10 air elementals
  2 spriggans (Depths:5)
  A shadow (Abyss:2)
  17 yaks
  2 wraiths
  3 wyverns
  15 water elementals
  A hog (D:14)
  4 basilisks
  3 fire elementals
  2 humans (D:14)
  A yak (shapeshifter) (Vaults:1)
  7 vampire mosquitoes
  A chaos spawn (Abyss:3)
  3 soldier ants
  4 wargs
  5 insubstantial wisps (Abyss:2)
  4 acid dragons
  51 nagas
  5 hell hounds (Depths:1)
  4 floating eyes
  14 water moccasins
  A black bear (shapeshifter) (Depths:1)
  35 orc warriors
  3 porcupines
  3 small abominations
  7 ice beasts
  5 sky beasts
  A black bear (Lair:1)
  An eye of draining (shapeshifter) (Depths:2)
  4 phantoms
  3 boggarts (Depths:2)
  15 ogres
  3 wolves (Lair:5)
  2 necrophages (D:8)
  The ghost of Yehuk the Distorting Demonspawn, an amateur DsAK of Lugonu (D:3)
  15 centaurs
  A crocodile (shapeshifter) (D:15)
  A big kobold (D:10)
  5 crocodiles
  6 elf zombies
  4 earth elementals
  12 bullfrogs
  A wyvern zombie (D:11)
  2 scorpions
  7 killer bees
  5 wights
  3 howler monkeys
  An electric eel (Lair:2)
  5 crimson imps
  3 centaur zombies
  A quasit (D:11)
  A bullfrog zombie (D:6)
  7 human zombies
  7 jellies
  25 orc priests
  Crazy Yiuf (D:7)
  2 hounds
  2 bullfrog skeletons
  A human skeleton (D:8)
  6 centaur skeletons
  3 iron imps (Abyss:2)
  4 iguanas
  33 orc wizards
  7 worker ants
  A killer bee zombie (D:6)
  A big kobold zombie (Ossuary)
  3 hound zombies
  A hound skeleton (D:4)
  4 mummies
  A howler monkey zombie (D:11)
  3 gnolls (D:5)
  6 adders
  4 shadow imps
  An ufetubus (Depths:1)
  2 oozes
  2 adder zombies (Ossuary)
  2 worms
  A leopard gecko (D:1)
  88 orcs
  5 giant cockroaches
  4 goblins
  7 hobgoblins
  16 jackals
  5 quokkas
  2 bats
  A frilled lizard (D:3)
  A gnoll zombie (Ossuary)
  2 goblin zombies (Ossuary)
  3 hobgoblin zombies (Ossuary)
  4 jackal zombies (Ossuary)
  8 kobolds
  6 kobold zombies (Ossuary)
  An orc zombie (Ossuary)
  A quokka skeleton (D:8)
  3 quokka zombies (Ossuary)
  A rat (D:3)
  3 rat zombies (Ossuary)
  2 crawling corpses (Depths:4)
  A lurking horror (Abyss:3)
1462 creatures vanquished.

Vanquished Creatures (collateral kills)
  An ettin (Depths:1)
  A deep troll earth mage (Depths:5)
  A flayed ghost (Depths:5)
  A yaktaur (Depths:5)
  A hell hound (Depths:1)
5 creatures vanquished.

Vanquished Creatures (others)
  A black mamba (Snake:1)
  A troll (D:11)
  An orc priest (D:11)
  An orc wizard (D:11)
  2 orcs (D:11)
  A fungus (Lair:6)
  12 plants
  6 starspawn tentacles (Abyss:3)
  4 tentacles (Shoals:4)
29 creatures vanquished.

Grand Total: 1496 creatures vanquished

Notes
Turn   | Place    | Note
-------+----------+-------------------------------------------
     0 | D:1      | 4thArraOfDagon the Mummy Enchanter began the quest for the Orb.
     0 | D:1      | Reached XP level 1. HP: 13/13 MP: 4/4
    75 | D:2      | Reached skill level 1 in Fighting
   213 | D:2      | Found a hide-covered altar of Uskayaw.
   215 | D:2      | Noticed a dagger
   216 | D:2      | Noticed a dagger
   225 | D:2      | Reached XP level 2. HP: 18/22 MP: 3/5
   259 | D:2      | Learned a level 2 spell: Ensorcelled Hibernation
   338 | D:3      | Noticed Grinder
   363 | D:3      | Noticed Yehuk's ghost (amateur DsAK)
   372 | D:5      | Entered Level 5 of the Dungeon
   375 | D:5      | Noticed a scorpion
   679 | D:4      | Found a stormy altar of Qazlal.
   680 | D:4      | Found a radiant altar of Vehumet.
   681 | D:4      | Noticed an ogre
   882 | D:3      | Found a shadowy altar of Dithmenos.
   911 | D:3      | Reached XP level 3. HP: 5/28 MP: 4/7
   934 | D:3      | Found an ancient bone altar of Kikubaaqudgha.
  1213 | D:3      | Learned a level 3 spell: Mephitic Cloud
  1232 | D:3      | Found a glowing silver altar of Zin.
  1404 | D:4      | Reached skill level 1 in Long Blades
  1404 | D:4      | Reached XP level 4. HP: 19/35 MP: 2/8
  1564 | D:5      | Noticed wvc's ghost (amateur BaFi)
  1593 | D:5      | Got a slimy chain mail
  1776 | D:6      | Identified the +7 chain mail "Viruasm" {rPois Str+2 Int-3 Dex+4} (You found it on level 5 of the Dungeon)
  1985 | D:7      | Noticed a sky beast
  1990 | D:7      | Got a polished quarterstaff
  1991 | D:7      | Identified the +7 quarterstaff of Mourning {crush, Int+2} (You found it on level 7 of the Dungeon)
  2001 | D:7      | Noticed an ogre
  2002 | D:7      | Found a glowing golden altar of the Shining One.
  2046 | D:6      | Reached skill level 1 in Staves
  2050 | D:6      | Reached XP level 5. HP: 41/41 MP: 9/9
  2109 | D:6      | Found a staircase to the Ecumenical Temple.
  2114 | Temple   | Entered the Ecumenical Temple
  2139 | Temple   | Became a worshipper of Warmaster Okawaru
  2176 | D:7      | Noticed a phantom
  2189 | D:7      | Reached skill level 1 in Armour
  2194 | D:7      | Found a sand-covered staircase.
  2202 | Ossuary  | Entered an ossuary
  2225 | Ossuary  | Reached skill level 2 in Staves
  2259 | Ossuary  | Reached skill level 1 in Invocations
  2314 | Ossuary  | Reached XP level 6. HP: 44/47 MP: 10/10
  2323 | Ossuary  | Noticed pedritolo's ghost (amateur DsCK)
  2419 | Ossuary  | Reached skill level 3 in Staves
  2501 | D:7      | Killed a sky beast
  2501 | D:7      | Reached * piety under Okawaru
  2523 | D:7      | Reached XP level 7. HP: 43/52 MP: 8/11
  2677 | D:7      | Reached skill level 4 in Staves
  2770 | D:7      | Found a runed door.
  2774 | D:7      | Noticed Crazy Yiuf
  2822 | D:7      | Killed Crazy Yiuf
  2845 | D:7      | Reached XP level 8. HP: 30/58 MP: 12/12
  2854 | D:7      | Found a snail-covered altar of Cheibriados.
  2900 | D:6      | Reached skill level 5 in Staves
  2939 | D:6      | Noticed derval's ghost (novice MfSk)
  2963 | D:6      | Got a slimy golden ring
  2982 | D:5      | Identified the ring of Igiviph {rElec rF+ rN++ Str+2} (You found it on level 6 of the Dungeon)
  3117 | D:4      | Reached ** piety under Okawaru
  3364 | D:3      | Killed Yehuk's ghost
  3747 | D:6      | Reached skill level 6 in Staves
  3962 | D:8      | Found a shattered altar of Ashenzari.
  3986 | D:8      | Reached XP level 9. HP: 46/63 MP: 13/13
  4039 | D:8      | Found an opulent altar of Gozag.
  4106 | D:8      | Found a basalt altar of Yredelemnul.
  4207 | D:8      | Reached *** piety under Okawaru
  4276 | D:9      | Reached skill level 7 in Staves
  4372 | D:9      | Reached skill level 5 in Invocations
  4398 | D:9      | Reached skill level 5 in Armour
  4558 | D:10     | Entered Level 10 of the Dungeon
  4572 | D:10     | Noticed Erica
  4583 | D:10     | Killed Erica
  4583 | D:10     | Reached **** piety under Okawaru
  4591 | D:10     | Noticed a komodo dragon
  4598 | D:10     | Reached XP level 10. HP: 38/70 MP: 14/14
  4880 | D:10     | Received a gift from Okawaru
  4880 | D:10     | Reached skill level 8 in Staves
  4893 | D:10     | Found a staircase to the Lair.
  5010 | D:11     | Found a flickering gateway to a bazaar.
  5016 | D:11     | Noticed a two-headed ogre
  5041 | D:11     | Killed a two-headed ogre
  5130 | D:11     | Noticed a centaur warrior
  5141 | D:11     | Killed a centaur warrior
  5159 | D:11     | Reached ***** piety under Okawaru
  5239 | D:11     | Paralysed by a floating eye for 2 turns
  5242 | D:11     | Reached skill level 9 in Staves
  5265 | Bazaar   | Entered a bazaar
  5266 | Bazaar   | Found Ewkibij's Weapon Emporium.
  5280 | Bazaar   | Found Humpiruy's General Store.
  5307 | Bazaar   | Found Lellall's Food Shoppe.
  5316 | Bazaar   | Found Dicuq's General Store.
  5355 | Bazaar   | Bought a scroll of identify for 16 gold pieces
  5436 | D:11     | Noticed a white ugly thing
  5453 | D:11     | Killed a white ugly thing
  5453 | D:11     | Reached skill level 5 in Dodging
  5545 | D:11     | Got a polished war axe
  5570 | D:11     | Paralysed by a floating eye for 3 turns
  5575 | D:11     | Paralysed by a floating eye for 4 turns
  5582 | D:11     | Paralysed by a floating eye for 3 turns
  5664 | D:11     | Reached XP level 11. HP: 57/75 MP: 7/15
  5729 | D:11     | Identified the +7 war axe "Puenym" {drain, Fragile rC+ Str-2 Dex+4} (You found it on level 11 of the Dungeon)
  5822 | D:12     | Noticed a two-headed ogre
  5836 | D:12     | Killed a two-headed ogre
  6147 | D:12     | Noticed a two-headed ogre
  6156 | D:12     | Killed a two-headed ogre
  6200 | D:12     | Noticed a seven-headed hydra
  6215 | D:12     | Killed a seven-headed hydra
  6267 | D:12     | Noticed a two-headed ogre
  6275 | D:12     | Killed a two-headed ogre
  6275 | D:12     | Reached skill level 10 in Staves
  6333 | D:13     | Noticed an unseen horror
  6348 | D:13     | Killed an unseen horror
  6416 | D:13     | Found an opulent altar of Gozag.
  6473 | D:13     | Noticed an unseen horror
  6481 | D:13     | Killed an unseen horror
  6502 | D:13     | Reached ****** piety under Okawaru
  6528 | D:13     | Found a frozen archway.
  6541 | D:13     | Reached XP level 12. HP: 67/85 MP: 17/17
  6557 | IceCv    | Entered an ice cave
  6579 | IceCv    | Reached skill level 1 in Evocations
  6585 | IceCv    | Reached skill level 5 in Fighting
  6940 | D:14     | Noticed Kirke
  6966 | D:14     | Killed Kirke
  7056 | D:14     | Noticed a vault guard
  7056 | D:14     | Noticed a vault guard
  7123 | D:14     | Received a gift from Okawaru
  7124 | D:14     | Got a faintly humming crystal plate armour {god gift}
  7133 | D:14     | Reached skill level 11 in Staves
  7200 | D:14     | Identified the +14 crystal plate armour of Immorality {Dex+2} (Okawaru gifted it to you on level 14 of the Dungeon)
  7245 | D:14     | Learned a level 2 spell: Blink
  7294 | D:15     | Entered Level 15 of the Dungeon
  7601 | D:15     | Noticed a death knight
  7603 | D:15     | Noticed a centaur warrior
  7622 | D:15     | Killed a death knight
  7649 | D:15     | Killed a centaur warrior
  7649 | D:15     | Gained mutation: You are in touch with the powers of death. [Mummy growth]
  7649 | D:15     | Reached XP level 13. HP: 69/94 MP: 16/19
  7895 | D:15     | Received a gift from Okawaru
  7925 | D:15     | Found a staircase to the Depths.
  7950 | D:15     | Learned a level 1 spell: Apportation
  7979 | Depths:1 | Entered Level 1 of the Depths
  7985 | Depths:1 | Noticed a spark wasp
  7985 | Depths:1 | Noticed a spark wasp
  7985 | Depths:1 | Noticed a spark wasp
  8000 | D:15     | Killed a spark wasp
  8018 | D:15     | Killed a spark wasp
  8040 | D:15     | Killed a spark wasp
  8128 | Depths:1 | Noticed a stone giant
  8149 | Depths:1 | Killed a stone giant
  8181 | Depths:1 | Reached skill level 12 in Staves
  8230 | Depths:1 | Found a one-way gate leading to the halls of Pandemonium.
  8237 | Depths:2 | Noticed an ancient lich
  8246 | Depths:2 | Noticed a fire dragon
  8287 | Depths:1 | Noticed Aizul
  8343 | Depths:1 | Killed Aizul
  8378 | Depths:1 | Reached skill level 5 in Evocations
  8453 | Depths:1 | Noticed a frost giant
  8476 | Depths:1 | Killed a frost giant
  8483 | Depths:1 | Reached XP level 14. HP: 88/104 MP: 19/21
  8503 | Depths:1 | Received a gift from Okawaru
  8925 | Depths:1 | Received a gift from Okawaru
  8970 | Depths:1 | Noticed a tengu reaver
  8971 | Depths:1 | Noticed Sojobo
  8995 | Depths:1 | Killed a tengu reaver
  9026 | Depths:1 | Noticed a frost giant
  9049 | Depths:1 | Killed a frost giant
  9201 | D:14     | Reached skill level 13 in Staves
  9502 | D:15     | Reached skill level 10 in Invocations
  9771 | D:14     | Found a gate to the Vaults.
 10006 | D:10     | Got a slimy scale mail
 10010 | D:10     | Identified the +6 scale mail of the Thistle {rPois Str+2 Dex+3} (You found it on level 10 of the Dungeon)
 10531 | D:9      | Found a staircase to the Orcish Mines.
 10629 | Orc:1    | Entered Level 1 of the Orcish Mines
 10629 | Orc:1    | Found Defulu's Magic Scroll Shoppe.
 11078 | Orc:1    | Bought a scroll of teleportation for 42 gold pieces
 11078 | Orc:1    | Bought a scroll of teleportation for 42 gold pieces
 11078 | Orc:1    | Bought a scroll of enchant weapon for 105 gold pieces
 11078 | Orc:1    | Bought a scroll of identify for 28 gold pieces
 11078 | Orc:1    | Bought a scroll of identify for 28 gold pieces
 11184 | Orc:2    | Entered Level 2 of the Orcish Mines
 11243 | Orc:2    | Noticed an orc warlord
 11316 | Orc:2    | Killed an orc warlord
 11316 | Orc:2    | Received a gift from Okawaru
 11316 | Orc:2    | Reached XP level 15. HP: 59/113 MP: 17/22
 11331 | Orc:2    | Got a crystal lajatang {god gift}
 11332 | Orc:2    | Identified the +3 lajatang of the Moth {freeze, *Corrode rElec rN+ Stlth+} (Okawaru gifted it to you on level 2 of the Orcish Mines)
 11555 | Orc:2    | Found a roughly hewn altar of Beogh.
 11609 | Orc:2    | Reached skill level 10 in Armour
 11630 | Orc:2    | Found Yroz's General Store.
 11660 | Orc:2    | Bought a scroll of magic mapping for 63 gold pieces
 11675 | Orc:2    | Found Pustiyc's Antique Armour Shop.
 11679 | Orc:2    | Found Emid's Antique Weapon Shop.
 11710 | Orc:2    | Found Girraf's Book Shop.
 11766 | Orc:2    | Found a staircase to the Elven Halls.
 12104 | Orc:1    | Noticed Fannar
 12126 | Orc:2    | Killed Fannar
 12198 | Orc:1    | Found Epri Bugge's Food Boutique.
 12440 | Elf:1    | Entered Level 1 of the Elven Halls
 12531 | Elf:1    | Found Vaoril's Assorted Antiques.
 12539 | Elf:1    | Bought a pair of distressingly furry boots for 218 gold pieces
 12539 | Elf:1    | Bought 2 scrolls of teleportation for 138 gold pieces
 12539 | Elf:1    | Identified the +2 pair of boots of Fun and Games {rCorr} (You bought it in a shop on level 1 of the Elven Halls)
 12673 | Elf:1    | Reached skill level 14 in Staves
 12760 | Elf:1    | Received a gift from Okawaru
 12816 | Elf:1    | Identified Xayrom's Handbook of Sinister Magic
 12957 | Elf:1    | Reached skill level 10 in Fighting
 12965 | Elf:1    | Goblin1989: hi, ololoev!
 13476 | Elf:3    | Entered Level 3 of the Elven Halls
 13569 | Elf:2    | Received a gift from Okawaru
 13718 | Elf:3    | Reached XP level 16. HP: 94/124 MP: 23/23
 13813 | Elf:3    | Reached skill level 15 in Staves
 14039 | Elf:3    | Received a gift from Okawaru
 14504 | Elf:3    | Noticed an Ice Fiend
 14729 | Elf:3    | Received a gift from Okawaru
 14803 | Elf:3    | Noticed a deep elf master archer
 14815 | Elf:3    | ololoev: hi gobber
 14825 | Elf:3    | Killed a deep elf master archer
 14827 | Elf:3    | Got a slimy glass ring
 14838 | Elf:3    | Reached skill level 16 in Staves
 14923 | Elf:3    | Identified the ring of Sofisikk {rF+ MR+ MP+9} (You took it off a deep elf master archer on level 3 of the Elven Halls)
 15060 | Elf:3    | Noticed a deep elf blademaster
 15095 | Elf:3    | Killed a deep elf blademaster
 15124 | Elf:3    | Learned a level 3 spell: Spectral Weapon
 15131 | Elf:3    | Learned a level 2 spell: Swiftness
 15138 | Elf:3    | Identified Heritag's Tome of Unholy Rituals
 15228 | Elf:3    | Reached XP level 17. HP: 133/133 MP: 24/24
 15427 | Elf:2    | Found a large runed door.
 15427 | Elf:2    | Found a large runed door.
 15442 | Elf:2    | Found a large runed door.
 15442 | Elf:2    | Found a large runed door.
 15565 | Elf:1    | Bought a scroll of enchant weapon for 172 gold pieces
 15565 | Elf:1    | Bought a scroll of teleportation for 69 gold pieces
 15690 | Lair:1   | Entered Level 1 of the Lair of Beasts
 16080 | Lair:4   | Found a staircase to the Snake Pit.
 16166 | Lair:5   | Found a staircase to the Slime Pits.
 16283 | Lair:6   | Entered Level 6 of the Lair of Beasts
 16395 | Lair:6   | Received a gift from Okawaru
 17328 | Snake:1  | Entered Level 1 of the Snake Pit
 17445 | Snake:1  | Reached skill level 17 in Staves
 17710 | Snake:1  | Found Ipeotir's Jewellery Emporium.
 17826 | Snake:2  | Noticed Jorgrun
 17944 | Snake:2  | Killed Jorgrun
 17990 | Snake:2  | Received a gift from Okawaru
 18145 | Snake:2  | Reached XP level 18. HP: 102/143 MP: 25/25
 18728 | Snake:3  | Received a gift from Okawaru
 18868 | Snake:4  | Entered Level 4 of the Snake Pit
 19586 | Snake:4  | Noticed Agnes
 19597 | Snake:4  | Killed Agnes
 19698 | Snake:4  | Reached skill level 18 in Staves
 19849 | Snake:4  | Received a gift from Okawaru
 19898 | Snake:4  | Got a serpentine rune of Zot
 20416 | Lair:3   | Found a staircase to the Shoals.
 20424 | Lair:3   | Received a gift from Okawaru
 20438 | Shoals:1 | Entered Level 1 of the Shoals
 21303 | Shoals:2 | Received a gift from Okawaru
 21303 | Shoals:2 | Reached XP level 19. HP: 119/151 MP: 26/26
 21604 | Shoals:3 | Received a gift from Okawaru
 21766 | Shoals:3 | Cast into level 2 of the Abyss (merfolk javelineer)
 21938 | Abyss:2  | Noticed a profane servitor
 21965 | Abyss:2  | Killed a profane servitor
 22072 | Abyss:2  | Found an ancient bone altar of Kikubaaqudgha.
 22242 | Shoals:3 | Escaped the Abyss
 22344 | Shoals:4 | Entered Level 4 of the Shoals
 22556 | Shoals:4 | Cast into level 3 of the Abyss (merfolk impaler)
 22558 | Abyss:3  | Found a corrupted altar of Lugonu.
 22870 | Shoals:4 | Escaped the Abyss
 22894 | Shoals:4 | Received a gift from Okawaru
 22899 | Shoals:4 | Noticed Polyphemus
 23377 | Shoals:4 | Noticed Ilsuiw
 23408 | Shoals:4 | Killed Ilsuiw
 23538 | Shoals:4 | Got a barnacled rune of Zot
 23844 | Shoals:4 | Cast into level 2 of the Abyss (merfolk)
 23953 | Shoals:4 | Escaped the Abyss
 23983 | Shoals:4 | Reached skill level 19 in Staves
 24523 | Depths:1 | Received a gift from Okawaru
 24523 | Depths:1 | Reached XP level 20. HP: 117/161 MP: 27/27
 24526 | Depths:1 | Identified the +10 great mace of Okawaru {crush, +Fly rPois MR+} (Okawaru gifted it to you on level 1 of the Depths)
 24571 | Depths:1 | Killed Sojobo
 24571 | Depths:1 | Reached skill level 15 in Fighting
 24612 | Depths:1 | Reached skill level 1 in Maces & Flails
 24634 | Depths:1 | Found a gateway to Hell.
 24968 | Depths:2 | Reached skill level 10 in Evocations
 24999 | Depths:2 | Identified the Guide on Captivating Clay
 25150 | Depths:2 | Noticed a golden dragon
 25175 | Depths:2 | Killed a golden dragon
 25281 | Depths:2 | Noticed Asterion
 25299 | Depths:2 | Killed Asterion
 25388 | Depths:2 | Received a gift from Okawaru
 25683 | Depths:4 | Noticed a juggernaut
 25683 | Depths:4 | Noticed Vojta's ghost (veteran SpEn)
 25693 | Depths:3 | Reached skill level 5 in Maces & Flails
 25752 | Depths:4 | Found Sybod's Assorted Antiques.
 25834 | Depths:3 | Found a one-way gate to the infinite horrors of the Abyss.
 25895 | Depths:4 | Bought a transparent brass amulet for 190 gold pieces
 25895 | Depths:4 | Bought a polished cloak for 361 gold pieces
 25895 | Depths:4 | Identified the cursed +0 cloak "Biomif Dayt" {Int+7} (You bought it in a shop on level 4 of the Depths)
 25896 | Depths:4 | Identified the amulet "Umepteal" {RegenMP rF+} (You bought it in a shop on level 4 of the Depths)
 26024 | Depths:4 | Killed a juggernaut
 26098 | Depths:4 | Paralysed by a floating eye for 4 turns
 26116 | Depths:4 | Received a gift from Okawaru
 26119 | Depths:4 | Noticed a golden dragon
 26167 | Depths:4 | Killed a golden dragon
 26551 | Depths:4 | Killed Vojta's ghost
 26602 | Depths:4 | Reached XP level 21. HP: 56/170 MP: 29/29
 26625 | Depths:4 | Noticed a golden dragon
 26862 | Depths:4 | Killed a golden dragon
 26912 | Depths:4 | Identified the ring of Heidam {rN+ MR+ Str+3 Int+7} (You found it on level 4 of the Depths)
 26920 | Depths:4 | Identified the +7 quarterstaff "Kaiczann" {protect, rC+ Int+3} (You found it on level 4 of the Depths)
 27004 | Depths:4 | Found an iron altar of Okawaru.
 27043 | Depths:4 | Noticed a golden dragon
 27061 | Depths:4 | Killed a golden dragon
 27081 | Depths:5 | Entered Level 5 of the Depths
 27140 | Depths:5 | Received a gift from Okawaru
 27792 | Depths:5 | Reached skill level 15 in Armour
 27946 | Depths:5 | Noticed a golden dragon
 27965 | Depths:5 | Received a gift from Okawaru
 27971 | Depths:5 | Killed a golden dragon
 27998 | Depths:5 | Found a gate to the Realm of Zot.
 28001 | Depths:5 | Identified a scroll of acquirement
 28038 | Depths:5 | Noticed a golden dragon
 28053 | Depths:5 | Killed a golden dragon
 28088 | Depths:5 | Reached skill level 10 in Maces & Flails
 28182 | Depths:4 | Noticed a golden dragon
 28193 | Depths:4 | Killed a golden dragon
 28367 | Depths:3 | Found Cicai's One-of-a-Kind Books.
 28486 | Depths:2 | Found a gateway to a ziggurat.
 28486 | Depths:2 | Noticed an ancient lich
 28498 | Depths:2 | Killed an ancient lich
 28498 | Depths:2 | Reached XP level 22. HP: 178/178 MP: 31/31
 28511 | Depths:2 | Killed an ancient lich
 28666 | Vaults:1 | Entered Level 1 of the Vaults
 29112 | Vaults:1 | Reached skill level 1 in Translocations
 29157 | Vaults:1 | Received a gift from Okawaru
 29173 | Vaults:1 | Identified the +0 hat "Hotrucio" {Int+2 Stlth+} (Okawaru gifted it to you on level 1 of the Vaults)
 29527 | Vaults:2 | Noticed Xtahua
 29537 | Vaults:2 | Noticed Jory
 29543 | Vaults:2 | Killed Xtahua
 29543 | Vaults:2 | Reached skill level 5 in Spellcasting
 29578 | Vaults:2 | Killed from afar by Jory

Vault maps used:
D:1:      minmay_arrival_semitransparent
D:2:      dancing_weapons_uskayaw
D:3:      overflow_temple_1_default, zin_scriptorium,
          grunt_dithmenos_smoke_and_mirrors, uniq_grinder
D:4:      grunt_temple_overflow_open
D:5:      first_bread
D:6:      minmay_temple_entry_steel_oval, tgw_sif
D:7:      slow_altar_2, tso_metal_star, enter_ossuary_3, uniq_crazy_yiuf_cottage
D:8:      lemuel_mausoleum_altar_yredelemnul, kennysheep_mini,
          nicolae_ashenzari_panopticon
D:9:      orc_0_dummy
D:10:     david_lair_shrubbed, hangedman_pestilent_swarm, uniq_erica
D:11:     serial_shops, freezing_bzr, onia_ninara_cookie
D:13:     portal_ice_cave_rime, grunt_gozag_breadcrumbs
D:14:     grunt_vaults_entry_fortified, corexii_hall_statues_t,
          kennysheep_generic_room_14, uniq_kirke
D:15:     hangedman_depths_entry_civil_slaughter, columned_hall_lemuel
Temple:   minmay_temple_bridge_abc
Lair:2:   serial_bayou, serial_bayou_lagoon_b, serial_bayou_pond_a,
          serial_bayou_lake_a, serial_bayou_pond_b, gammafunk_lair_bear_cave
Lair:3:   elwin_shoals_entry_rooms
Lair:4:   guppyfry_snake_entry_island
Lair:5:   nicolae_slime_entry_slimehenge
Lair:6:   evilmike_catoblepas_cave, serial_bayou_shore_a, lemuel_fruit_tree
Shoals:2: cheibrodos_shoals_epimethial_gifts
Shoals:3: cheibrodos_shoals_gigantism
Shoals:4: shoals_end_simple, shoals_ilsuiw_alternative, uniq_polyphemus
Snake:1:  serial_shops, nicolae_shop_stone, grunt_megastairs_4,
          serial_bayou_shore_b
Snake:2:  uniq_jorgrun
Snake:4:  minmay_snake_end_coiled, grunt_ministairs_14, uniq_vashnia,
          uniq_agnes, uniq_saint_roka
Orc:1:    serial_shops, shop, shop, minmay_orc_keep, uniq_fannar
Orc:2:    grunt_orc_cross
Elf:1:    eino_elf_arrival_shootout, serial_shops, shop, minmay_elf_necromancy,
          serial_sigils_hangedman_leer, grunt_ministairs_8
Elf:3:    minmay_elf_hall_curves
Vaults:1: v_pattern_4, v_alt_pattern_1, v_rooms_2, ontoclasm_vaults_shout,
          v_misc_19, ontoclasm_vaults_loading_screen, vaults_mumra_hexcomb,
          hangedman_vaults_slice, hangedman_vaults_hat, vaults_mumra_chevron,
          vaults_mumra_minichess_inversion, nicolae_vaults_hallways_thing,
          ontoclasm_vaults_pinch, vaults_room_stairs_pillars,
          nicolae_vaults_circle_grid_b, ontoclasm_vaults_fault
Vaults:2: nicolae_vaults_branching_niches, nicolae_vaults_yaktaur_gun_rack,
          v_misc_22, vaults_dpeg_hooks, v_misc_12,
          portal_desolation_entry_garden, uniq_frederick, uniq_xtahua,
          uniq_jory, uniq_nikola
Depths:1: rand_demon_pan_entry_5, grunt_hell_horde, minmay_misc_feat_tiny,
          serial_bayou_ford_a, kennysheep_generic_room_7, uniq_aizul,
          uniq_sojobo
Depths:2: minmay_bloctagon_deflated, enter_ziggurat_c, pf_dread_powers_of_hell,
          minmay_strange_pillars, statue_in_the_mist_lemuel,
          due_unseen_surprise, serial_bayou_shore_b, minmay_staircase_statues,
          uniq_asterion
Depths:3: minmay_mutant_horseshoe, hangedman_abyss_entry_splay,
          grunt_pan_entry_zigzag, hell_entry, serial_sigils_hangedman_gut,
          nicolae_rare_books, minmay_staircase_bubble, uniq_margery
Depths:4: kennysheep_green_arena, abyss_entry, infiniplex_staircase_zigzag_3,
          hell_entry, corner_web_ring, okawaru_ov_weapons_minmay,
          minmay_shop_star
Depths:5: grunt_zot_entry_gee_three, grunt_hell_entry_dis_grunt,
          minmay_tree_intersection, nrook_mini_backslash, lightli_minifort
Abyss:2:  guppyfry_abyss_exit_glass_guarded
Abyss:3:  hangedman_abyss_mock_shop
Bazaar:   bazaar_kb_twisted_cavern
Ossuary:  minmay_ossuary_two_tombs
IceCv:    ice_cave_statue_garden_teleport

Skill      XL: |  1  2  3  4  5  6  7  8  9 10 11 12 13 14 15 16 17 18 19 20 21 22 |
---------------+-------------------------------------------------------------------+-----
Fighting       | 1 2 3 4 6 7 9 10 12 13 14 15 16 | 16.0
Long Blades    | 1 2 |  2.2
Staves         | 1 2 3 4 6 7 9 10 11 12 13 14 16 17 18 19 | 19.1
Armour         | 1 2 3 4 5 6 7 8 9 10 11 12 13 14 15 | 15.1
Invocations    | 1 2 3 4 5 6 7 8 9 10 | 10.2
Dodging        | 2 3 5 6 7 |  7.0
Evocations     | 3 5 6 8 9 10 12 | 12.3
Maces & Flails | 6 10 11 | 11.8
Spellcasting   | 5 |  5.0
Translocations | 4 |  4.0
Short Blades   | |  0.7
Stealth        | |  2.4
Hexes          | |  2.6
Ice Magic      | |  0.1

Action                   |  1- 3 |  4- 6 |  7- 9 | 10-12 | 13-15 | 16-18 | 19-21 | 22-24 || total
-------------------------+-------+-------+-------+-------+-------+-------+-------+-------++-------
Melee: Dagger            |   141 |     3 |       |       |       |       |       |       ||   144
       Falchion          |     4 |    12 |       |       |       |       |       |       ||    16
       Quarterstaff      |       |   102 |   331 |   733 |   967 |   262 |   767 |       ||  3162
       Lajatang          |       |       |       |       |   635 |  1750 |   306 |       ||  2691
       Great mace        |       |       |       |       |       |       |  1111 |   370 ||  1481
Throw: Throwing net      |     1 |     1 |       |       |     1 |     2 |     2 |     1 ||     8
 Cast: Corona            |     7 |     2 |       |       |       |       |       |       ||     9
       Ensorcelled Hiber |     9 |     4 |       |       |       |       |       |       ||    13
Invok: Heroism           |       |     1 |    11 |    30 |    55 |    48 |    56 |     7 ||   208
       Finesse           |       |       |       |     6 |    14 |    11 |    13 |     2 ||    46
 Abil: Stop Flying       |       |       |       |       |       |       |     3 |       ||     3
       Evoke Flight      |       |       |       |       |       |       |     2 |       ||     2
Evoke: Wand              |       |       |       |     2 |     7 |     7 |     5 |       ||    21
       Phial of floods   |       |       |       |       |     1 |       |     3 |       ||     4
       Lightning rod     |       |       |       |       |       |       |    12 |     4 ||    16
       Sack of spiders   |       |       |       |       |       |       |     5 |       ||     5
       Lamp of fire      |       |       |       |       |       |       |     2 |     1 ||     3
  Use: Scroll            |     5 |     2 |     3 |     7 |    11 |     7 |    21 |     3 ||    59
 Stab: Sleeping          |    10 |       |       |       |       |       |       |       ||    10
       Held in net/web   |       |       |       |       |     8 |       |     2 |       ||    10
       Petrified         |       |       |       |       |       |    12 |       |       ||    12
       Distracted        |       |       |       |       |       |       |     1 |       ||     1
       Confused          |       |       |       |       |       |       |     1 |       ||     1
Armor: Robe              |     6 |       |       |       |       |       |       |       ||     6
       Ring mail         |    68 |    12 |       |       |       |       |       |       ||    80
       Chain mail        |       |    86 |   180 |   303 |       |       |       |       ||   569
       Crystal plate arm |       |       |       |    53 |   973 |  1426 |  1827 |   328 ||  4607
Dodge: Dodged            |    90 |    65 |   128 |   236 |   245 |   470 |   663 |   137 ||  2034
       Rpst.: Falchion   |     2 |     4 |       |       |       |       |       |       ||     6
